 Dungeon Crawl Stone Soup version 0.19-GnollCrawlA-1-g03664ee (webtiles) character file.

35248 bananaken the Skirmisher (level 1, -3/24 HPs)
             Began as a Centaur Chaos Knight on Feb 9, 2017.
             Killed by a distortion unwield (27 damage)
             ... on level 3 of the Tomb of the Ancients.
             The game lasted 01:47:22 (103794 turns).

bananaken the Skirmisher (Centaur Chaos Knight)   Turns: 103794, Time: 01:47:22

Health: -3/24      AC: 30    Str: 18    XL:     1   Next: 0%
Magic:  0/10       EV:  9    Int: 17    God:    Xom [....*.]
Gold:   6880       SH:  0    Dex:  9    Spells: 0 memorised, 0 levels left

rFire  + + +     SeeInvis +     (no weapon)
rCold  + . .     Gourm    .     T - +10 fire dragon armour of Absence {rF++ rC- rN+}
rNeg   + + .     Faith    .     (no shield)
rPois  +         Spirit   +     (helmet unavailable)
rElec  +         Dismiss  .     g - +0 cloak {+Inv}
rCorr  .         Reflect  .     (gloves unavailable)
SustAt .         Harm     .     N - +2 centaur barding {rC+}
MR     .....     Clarity  +     r - amulet "Uhoevie" {Spirit rC+ MR- Int+4}
Stlth  +.........               k - ring of magical power
                                o - ring "Zesid" {rElec rF+ rN+ EV+4}

@: very quick
A: antennae 3, beak, claws 3, hooves 3, molten scales 1, rough black scales 1,
camouflage 2, see invisible, agile 1, blink, clarity, clever 1, deformed body,
fire resistance 2, speed 2, high mp 3, magic resistance 1, sense surroundings 3,
poison resistance, robust 3, shaggy fur 2, electricity resistance, strong 2,
tough skin 3, evolution 1, sturdy frame 1
a: Blink, Renounce Religion, Evoke Invisibility
}: 2/15 runes: silver, golden


You were on level 3 of the Tomb of the Ancients.
You worshipped Xom.
You were a beloved toy of Xom.
You were not hungry.

You visited 7 branches of the dungeon, and saw 31 of its levels.

You collected 9836 gold pieces.
You spent 2956 gold pieces at shops.

Inventory:

Hand Weapons
 j - a +9 halberd of distortion
 z - the +4 rapier of Amorality {drain, *Corrode rF+++ Int+4 Dex-2, unknown}
   (You found it on level 3 of the Tomb of the Ancients)

   A truly terrible weapon, it drains the life of those it strikes.
   It affects your intelligence (+4).
   It affects your dexterity (-2).
   It renders you almost immune to fire.
   It may corrode you when you take damage.
 U - the cursed +3 broad axe of Defiance {speed, MP+9 Int+2 Stlth+, unknown}
   (You found it on level 3 of the Tomb of the Ancients)

   Attacks with this weapon are significantly faster.
   It affects your intelligence (+2).
   It affects your magic capacity (+9).
   It makes you more stealthy.
   It has a curse placed upon it.
Missiles
 i - 5 throwing nets (quivered)
Armour
 e - the +2 hat of the Bear Spirit {Spirit, +Rage rN+ MR++}
   (You found it on level 3 of the Crypt)

   It protects you from negative energy.
   It affects your resistance to hostile enchantments.
   It lets you go berserk.
 g - a +0 cloak of invisibility (worn)
 N - a +2 centaur barding of cold resistance (worn)
 T - the +10 fire dragon armour of Absence (worn) {rF++ rC- rN+}
   (You bought it in a shop on level 2 of the Orcish Mines)

   It greatly protects you from fire.
   It makes you vulnerable to cold.
   It protects you from negative energy.
Rods
 t - a +8 rod of ignition (13/13)
   (You found it on level 5 of the Vaults)
 I - a +4 rod of inaccuracy (12/12)
   (You found it on level 5 of the Vaults)
Jewellery
 k - a ring of magical power (right claw)
 o - the ring "Zesid" (left claw) {rElec rF+ rN+ EV+4}
   (You found it on level 11 of the Dungeon)

   [ring of evasion]

   It affects your evasion (+4).
   It protects you from fire.
   It insulates you from electricity.
   It protects you from negative energy.
 r - the amulet "Uhoevie" (around neck) {Spirit rC+ MR- Int+4}
   (Xom gifted it to you on level 1 of the Dungeon)

   [amulet of guardian spirit]

   It causes incoming damage to be split between your health and magic.
   It affects your intelligence (+4).
   It protects you from cold.
   It affects your resistance to hostile enchantments.
Wands
 n - a wand of disintegration (5/24)
 s - a wand of polymorph (6/24)
 u - a wand of hasting (4/9)
 y - a wand of paralysis (13/24)
 F - a wand of acid (6/15)
 R - a wand of confusion (19/48)
 S - a wand of teleportation (4/9)
 X - a wand of digging (15/24)
Scrolls
 b - 6 scrolls of recharging
 m - 4 scrolls of fog
 p - 4 scrolls of immolation
 q - 8 scrolls of blinking
 v - 2 scrolls of enchant weapon
 C - 12 scrolls of teleportation
 D - 4 scrolls of brand weapon
 E - 2 scrolls of magic mapping
 G - 13 scrolls of remove curse
 H - 4 scrolls of identify
 J - 3 scrolls of enchant armour
 P - 3 scrolls of fear
Potions
 a - 5 potions of haste
 c - a potion of cancellation
 d - 14 potions of curing
 l - a potion of beneficial mutation
 w - 3 potions of brilliance
 x - 3 potions of might
 A - 2 potions of heal wounds
 L - 2 potions of berserk rage
 O - 2 potions of magic
 Q - 3 potions of invisibility
 V - 3 potions of flight
 Z - a potion of resistance
Miscellaneous
 h - a lamp of fire
 B - a phial of floods
 K - a fan of gales
 M - 3 phantom mirrors
 W - a figurine of a ziggurat
Comestibles
 f - 13 fruits


   Skills:
 + Level 3.0 Fighting
 + Level 2.6 Polearms
 + Level 1.3 Armour
 + Level 0.6 Dodging


You couldn't memorise any spells.
You didn't know any spells.

Dungeon Overview and Level Annotations

Branches:
Dungeon (14/15)            Temple (1/1) D:1            Lair (0/6) D:10
    Orc (2/2) D:9             Elf (3/3) Orc:2        Vaults (5/5) D:14
  Crypt (3/3) Vaults:2       Tomb (3/3) Crypt:3

Altars:
Ashenzari
Cheibriados
Dithmenos
Fedhas
Gozag
Hepliaklqana
Kikubaaqudgha
Makhleb
Nemelex Xobeh
Pakellas
Sif Muna
Uskayaw
Vehumet
Xom
Yredelemnul
Zin
The Shining One
Beogh

Shops:
D:5 *   Orc:2 =(**:   Vaults:2 (   Vaults:4 =


Innate Abilities, Weirdness & Mutations

You have hooves in place of feet.
Armour fits poorly on your strangely shaped body.
You cover ground very quickly.
You have extremely tough skin. (AC +3)
You have a pair of large antennae on your head. (SInv)
You have a beak for a mouth.
You have claws for hands.
You are partially covered in molten scales. (AC +2)
You are partially covered in rough black scales. (AC +2, Dex -1)
Your skin blends seamlessly with your surroundings (Stealth++).
You have supernaturally acute eyesight. (SInv)
You are agile. (Dex +2)
You can translocate small distances at will.
You possess an exceptional clarity of mind.
Your mind is acute. (Int +2)
Your flesh is very heat resistant. (rF++)
You have a greatly increased reservoir of magic. (+30% MP)
You are resistant to hostile enchantments. (MR+)
You passively map a large area around you.
Your system is resistant to poisons. (rPois)
You are extremely robust. (+30% HP)
You are covered in thick fur. (AC +2)
You are resistant to electric shocks. (rElec)
Your muscles are very strong. (Str +4)
You evolve.
Your movements are slightly less encumbered by armour. (ER -2)


Message History

Drop what? 50/52 gnolls (_ for help) (? for menu, Esc to quit)
You drop the +10 rapier of Fee Simple {freeze, rC+ Stlth+}.
You see here a steaming rapier.
z - a steaming rapier You now have 6862 gold pieces (gained 30).
You now have 6880 gold pieces (gained 18).
U - a manual of Throwing You drop a manual of Throwing.
You see here a crooked smoking staff.
U - a ring of protection from magic You drop a ring of protection from magic.
You see here a book of Maledictions.
You see here an encrusted broad axe.
Gnoll - an encrusted broad axe You see here a book of Maledictions.
Wield which gnoll (- for none, * to show all)? (? for menu, Esc to quit)
Really unwield
j - a +9 halberd of distortion?
You are crushed and pinned by an extremely strong localised spatial distortion!
Ouch! That really hurt!
You die...

.................###
..........####'###
......."..##...(###
.......[.##....?[.###
.......{##..........#
.......##...........##
......##............(#
..!..##..............#
.....#..........@...[#
.....#.......)......\#
.....#..!.......:|=:}#
.....#...........[|.##
.....#...^.....}=}[##
.....#......%.=||}##
.....#........[=|##
..<..##......)}[##
.<...##......})##


There were no monsters in sight!

Vanquished Creatures
  A wolf (Elf:3)
  9 gnoll sergeants (Vaults:5)
  2 howler monkeys
  A hound (D:1)
  A hell rat (D:14)
  597 gnolls
  An adder (D:2)
  A river rat (D:2)
  The ghost of bananaken the Ducker, a weakling SpMo of Yredelemnul (D:4)
  A giant gecko (Vaults:3)
  2 giant cockroaches
  55 gnoll zombies
  A quokka (Vaults:5)
  29 gnoll simulacra
  155 gnoll skeletons
  2 rats (Elf:2)
859 creatures vanquished.

Vanquished Creatures (collateral kills)
  A gnoll sergeant (Vaults:5)
  17 gnolls
18 creatures vanquished.

Vanquished Creatures (others)
  40 gnolls
  3 gnoll zombies
  A gnoll simulacrum (Tomb:1)
  5 gnoll skeletons
  2 plants (D:1)
51 creatures vanquished.

Grand Total: 928 creatures vanquished

Notes
Turn   | Place    | Note
-------+----------+-------------------------------------------
     0 | D:1      | bananaken the Centaur Chaos Knight began the quest for the Orb.
     0 | D:1      | Reached XP level 1. HP: 19/19 MP: 1/1
    12 | D:1      | XOM: potion effect (might)
    40 | D:1      | XOM: potion effect (curing)
   155 | D:1      | Found a staircase to the Ecumenical Temple.
   199 | D:1      | XOM: harmless Air miscast
   311 | D:1      | XOM: harmless Necr miscast
   482 | D:1      | XOM: confuse monster(s)
   508 | D:1      | XOM: butterfly on damage
   883 | D:1      | XOM: divination: detect creatures
  1198 | D:1      | XOM: scenery: create altars
  1217 | Temple   | Entered the Ecumenical Temple
  1284 | Temple   | XOM: divination: detect creatures
  1346 | Temple   | XOM: cloud trail
  1546 | Temple   | XOM: god gift: glowing plate armour {god gift}
  1648 | Temple   | XOM: give mutations
  1648 | Temple   | Gained mutation: You are clumsy. (Dex -2) [Xom's mischief]
  1648 | Temple   | Gained mutation: Your spells are a little harder to cast, but a little more powerful. [Xom's mischief]
  1701 | Temple   | XOM: give mutations
  1701 | Temple   | Gained mutation: Your natural rate of healing is unusually fast. [Xom's grace]
  1701 | Temple   | Gained mutation: You have a pair of small antennae on your head. [Xom's grace]
  1701 | Temple   | Gained mutation: Your flesh is heat resistant. (rF+) [Xom's grace]
  2894 | Temple   | XOM: god gift: 12 royal jellies
  2958 | Temple   | XOM: god gift: graven book {god gift}
  2960 | Temple   | Identified Xom's Incunabulum of the Jabberwock (Xom gifted it to you in the Ecumenical Temple)
  3207 | Temple   | XOM: god gift: plate armour {god gift}
  3499 | Temple   | XOM: harmless Tmut miscast
  3844 | Temple   | XOM: stat loss: -1 Str (13/14)
  4269 | Temple   | XOM: torment (11/19 hp)
  4726 | Temple   | XOM is BORED!
  4726 | Temple   | XOM: severe Hex miscast
  4897 | Temple   | XOM: mild Tmut miscast
  4919 | Temple   | XOM: torment (11/19 hp)
  5306 | Temple   | XOM: silly message
  5744 | Temple   | XOM: 1-stop teleportation journey
  5949 | Temple   | XOM: give mutations
  5949 | Temple   | Lost mutation: You are clumsy. (Dex -2) [Xom's mischief]
  5949 | Temple   | Gained mutation: You are dopey. (Int -2) [Xom's mischief]
  5949 | Temple   | Gained mutation: You are clumsy. (Dex -2) [Xom's mischief]
  5949 | Temple   | Gained mutation: Scrolls take you a little longer to read. [Xom's mischief]
  6580 | Temple   | XOM: severe Summ miscast
  6586 | Temple   | XOM: butterfly on damage
  6750 | D:1      | XOM: medium Conj miscast
  7379 | D:1      | XOM: divination: detect items
  7570 | D:1      | XOM: god gift: 3 large rocks
  8027 | D:1      | XOM: smoke on damage
  8028 | D:1      | XOM: fog
  8274 | D:1      | XOM: give mutations
  8274 | D:1      | Gained mutation: You are robust. (+10% HP) [Xom's grace]
  8274 | D:1      | Gained mutation: You have a pair of antennae on your head. [Xom's grace]
  8274 | D:1      | Gained mutation: Your spells are harder to cast, but more powerful. [Xom's grace]
  8413 | D:1      | XOM: summons 1 friendly demon
  8484 | D:1      | XOM: scenery: create altars
  8487 | D:1      | XOM: butterfly on damage
  8513 | D:1      | XOM: scenery: create altars
  8688 | D:1      | XOM: god gift: gilded ring {god gift}
  8833 | D:1      | XOM: medium Divn miscast
  9108 | D:1      | XOM: swap monsters
  9243 | D:1      | XOM: blink monster(s)
 10175 | D:1      | XOM: divination: magic mapping
 10276 | D:1      | XOM: cast spell 'Dragon Form'
 10520 | D:1      | XOM: divination: detect items
 10532 | D:1      | XOM: polymorph gnoll -> giant cockroach
 10815 | D:1      | XOM is BORED!
 11057 | D:1      | XOM: cloud trail
 11352 | D:1      | XOM: give mutations
 11352 | D:1      | Lost mutation: Scrolls take you a little longer to read. [Xom's grace]
 11352 | D:1      | Gained mutation: You have supernaturally acute eyesight. (SInv) [Xom's grace]
 11352 | D:1      | Lost mutation: You are clumsy. (Dex -2) [Xom's grace]
 11362 | D:1      | XOM: cast spell 'Cause Fear'
 11437 | D:1      | XOM: confuse monster(s)
 11779 | D:1      | XOM: harmless Tmut miscast
 12068 | D:1      | XOM: harmless Tloc miscast
 12627 | D:1      | XOM: harmless Tmut miscast
 12637 | D:1      | XOM: medium Air miscast
 12789 | D:1      | XOM: silly message
 12797 | D:1      | XOM: harmless Conj miscast
 12841 | D:1      | XOM: harmless Conj miscast
 13244 | D:1      | XOM: mild Air miscast
 13362 | D:1      | XOM: god gift: 6 gold pieces
 13404 | D:1      | XOM: scenery: create altars
 13538 | D:1      | XOM: cleaving
 13957 | D:1      | XOM: medium Pois miscast
 14133 | D:1      | XOM: cloud trail
 14611 | D:1      | XOM is BORED!
 14611 | D:1      | XOM: stat loss: -2 Dex (6/8)
 14939 | D:1      | XOM: mild Ice miscast
 14967 | D:1      | XOM: god gift: twisted runed staff {god gift}
 15724 | D:1      | XOM: scenery: create altars
 15861 | D:1      | XOM: give mutations
 15861 | D:1      | Gained mutation: You are partially covered in thin metallic scales. (AC +2) [Xom's grace]
 15861 | D:1      | Gained mutation: You are resistant to electric shocks. (rElec) [Xom's grace]
 15861 | D:1      | Gained mutation: You heal very quickly. [Xom's grace]
 15861 | D:1      | Gained mutation: Your spells are much harder to cast, but much more powerful. [Xom's grace]
 15890 | D:1      | XOM: god gift: glowing war axe {god gift}
 15922 | D:1      | XOM: god gift: faintly glowing tin amulet {god gift}
 15925 | D:1      | Got a faintly glowing tin amulet {god gift}
 15926 | D:1      | Identified the amulet "Uhoevie" {Spirit rC+ MR- Int+4} (Xom gifted it to you on level 1 of the Dungeon)
 16233 | D:1      | XOM: give mutations
 16233 | D:1      | Gained mutation: You are very robust. (+20% HP) [Xom's grace]
 16233 | D:1      | Gained mutation: Your flesh is very heat resistant. (rF++) [Xom's grace]
 16838 | D:1      | XOM: 1-stop teleportation journey
 16902 | D:1      | XOM: god gift: bronze wand {god gift}
 17080 | D:1      | XOM is BORED!
 17080 | D:1      | XOM: summons 2 hostile shadow creatures
 17376 | D:1      | XOM: god gift: bread ration
 17966 | D:1      | XOM: scenery: create altars
 18408 | D:1      | XOM: give mutation
 18408 | D:1      | Gained mutation: You are agile. (Dex +2) [Xom's grace]
 18549 | D:1      | XOM: god gift: sedimented green potion {god gift}
 18720 | D:1      | XOM: scenery: create altars
 19511 | D:1      | XOM: god gift: scroll labeled ASY CAKADAI {god gift}
 19639 | D:1      | XOM: god gift: plate armour {god gift}
 19643 | D:1      | XOM: scenery: create altars
 19668 | D:1      | XOM is BORED!
 19668 | D:1      | XOM: summons 5 hostile shadow creatures
 21003 | D:1      | XOM: noise
 21402 | D:1      | XOM: give mutations
 21402 | D:1      | Gained mutation: You have a somewhat thin skeletal structure. (Dex +2, Stealth) [Xom's grace]
 21402 | D:1      | Gained mutation: You have an increased reservoir of magic. (+10% MP) [Xom's grace]
 21402 | D:1      | Gained mutation: You are partially covered in rugged brown scales. (AC +1, +3% HP) [Xom's grace]
 21402 | D:1      | Gained mutation: You are somewhat resistant to further mutation. [Xom's grace]
 21411 | D:1      | XOM: give mutations
 21411 | D:1      | Gained mutation: You are extremely robust. (+30% HP) [Xom's grace]
 21411 | D:1      | Gained mutation: Your flesh is cold resistant. (rC+) [Xom's grace]
 21411 | D:1      | Gained mutation: You possess an exceptional clarity of mind. [Xom's grace]
 21411 | D:1      | Gained mutation: Your system is resistant to poisons. (rPois) [Xom's grace]
 21757 | D:1      | XOM: scenery: create altars
 22060 | D:1      | XOM: mild Hex miscast
 22076 | D:1      | XOM: give mutations
 22076 | D:1      | Gained mutation: Your muscles are strong. (Str +2) [Xom's grace]
 22076 | D:1      | Gained mutation: You passively map a small area around you. [Xom's grace]
 22076 | D:1      | Gained mutation: You can translocate small distances at will. [Xom's grace]
 22076 | D:1      | Lost mutation: You are somewhat resistant to further mutation. [Xom's grace]
 22076 | D:1      | Gained mutation: You evolve. [Xom's grace]
 22392 | D:1      | XOM: give mutations
 22392 | D:1      | Gained mutation: Your flesh is very cold resistant. (rC++) [Xom's grace]
 22392 | D:1      | Lost mutation: You are dopey. (Int -2) [Xom's grace]
 22392 | D:1      | Gained mutation: Your muscles are very strong. (Str +4) [Xom's grace]
 22662 | D:1      | XOM: give mutations
 22662 | D:1      | Gained mutation: Your flesh is almost immune to the effects of heat. (rF+++) [Xom's grace]
 22662 | D:1      | Lost mutation: You evolve. [Xom's grace]
 22662 | D:1      | Gained mutation: You are somewhat resistant to further mutation. [Xom's grace]
 22763 | D:1      | XOM: god gift: scroll labeled TEUMEECSOS {god gift}
 23092 | D:1      | XOM: scenery: create altars
 23264 | D:1      | XOM: god gift: ring mail {god gift}
 23415 | D:1      | XOM: scenery: create altars
 24013 | D:1      | XOM: cloud trail
 24875 | D:1      | XOM: scenery: create altars
 24889 | D:1      | XOM: give mutations
 24889 | D:1      | Gained mutation: You regenerate. [Xom's grace]
 24889 | D:1      | Gained mutation: Your mind is acute. (Int +2) [Xom's grace]
 24889 | D:1      | Gained mutation: Your mind is very acute. (Int +4) [Xom's grace]
 25413 | D:1      | XOM: give mutations
 25413 | D:1      | Lost mutation: You are somewhat resistant to further mutation. [Xom's grace]
 25413 | D:1      | Gained mutation: You evolve. [Xom's grace]
 25413 | D:1      | Gained mutation: You have a beak for a mouth. [Xom's grace]
 25413 | D:1      | Gained mutation: You rapidly evolve. [Xom's grace]
 25413 | D:1      | Gained mutation: You are very agile. (Dex +4) [Xom's grace]
 26304 | D:1      | XOM: god gift: 62 gold pieces
 27243 | D:1      | XOM: scenery: create altars
 27820 | D:1      | XOM is BORED!
 27820 | D:1      | XOM: noise
 27980 | D:1      | XOM: 3-stop teleportation journey
 28203 | D:1      | XOM: scenery: create altars
 28356 | D:1      | XOM: cloud trail
 28373 | D:1      | XOM: give mutations
 28373 | D:1      | Gained mutation: You are resistant to hostile enchantments. (MR+) [Xom's grace]
 28373 | D:1      | Gained mutation: You are covered in fur. (AC +1) [Xom's grace]
 28373 | D:1      | Gained mutation: Your flesh is almost immune to the effects of cold. (rC+++) [Xom's grace]
 28373 | D:1      | Gained mutation: You have a considerably increased reservoir of magic. (+20% MP) [Xom's grace]
 28928 | D:1      | XOM: scenery: create altars
 29078 | D:1      | XOM is BORED!
 29078 | D:1      | XOM: stat loss: -3 Int (16/19)
 29327 | D:1      | XOM: god gift: scroll labeled IRUTAV MORR {god gift}
 29385 | D:1      | XOM: give mutation
 29385 | D:1      | Gained mutation: You are covered in thick fur. (AC +2) [Xom's grace]
 29507 | D:1      | XOM: god gift: staff of wizardry {god gift}
 29920 | D:1      | XOM: god gift: shiny silver wand {god gift}
 30682 | D:1      | XOM: mild Conj miscast
 30937 | D:1      | XOM: cloud trail
 31302 | D:1      | XOM is BORED!
 31302 | D:1      | XOM: noise
 32294 | D:1      | XOM: cast spell 'Summon Butterflies'
 32417 | D:1      | XOM: harmless Divn miscast
 32538 | D:1      | XOM: god gift: levitating book {god gift}
 32540 | D:1      | Identified Eclok's Volume of Poisonous Clay (Xom gifted it to you on level 1 of the Dungeon)
 32610 | D:1      | XOM: god gift: 890 gold pieces
 32860 | D:1      | XOM is BORED!
 32860 | D:1      | XOM: mild Tmut miscast
 33333 | D:1      | XOM: scenery: create altars
 33430 | D:1      | XOM: god gift: beef jerky
 33476 | D:1      | XOM: give mutations
 33476 | D:1      | Lost mutation: You rapidly evolve. [Xom's grace]
 33476 | D:1      | Lost mutation: You evolve. [Xom's grace]
 33476 | D:1      | Gained mutation: You are somewhat resistant to further mutation. [Xom's grace]
 33476 | D:1      | Gained mutation: You are highly resistant to hostile enchantments. (MR++) [Xom's grace]
 33476 | D:1      | Gained mutation: You have a pair of large antennae on your head. (SInv) [Xom's grace]
 33476 | D:1      | Gained mutation: Your skin changes colour to match your surroundings (Stealth+). [Xom's grace]
 33491 | D:1      | XOM: cast spell 'Statue Form'
 33504 | D:2      | Noticed a hound
 33504 | D:2      | a gnoll changed into a hound
 33505 | D:2      | XOM: draining
 33506 | D:1      | XOM: enchant monster (good)
 33514 | D:1      | XOM: summons 1 friendly demon
 33516 | D:1      | Killed a hound
 33572 | D:2      | XOM: divination: detect items
 33625 | D:2      | XOM: cast spell 'Alistair's Intoxication'
 33737 | D:2      | XOM: divination: magic mapping
 33750 | D:2      | XOM: confuse monster(s)
 33775 | D:2      | XOM: summons 1 friendly demon
 34086 | D:2      | XOM: medium Divn miscast
 34355 | D:2      | XOM: god gift: levitating book {god gift}
 34357 | D:2      | Identified Tuplen's Almanac of Glacial Bewitchment (Xom gifted it to you on level 2 of the Dungeon)
 34607 | D:2      | XOM: harmless Chrm miscast
 34788 | D:2      | XOM: cleaving
 35438 | D:2      | XOM: give mutations
 35438 | D:2      | Lost mutation: Your muscles are very strong. (Str +4) [Xom's mischief]
 35438 | D:2      | Lost mutation: Your mind is very acute. (Int +4) [Xom's mischief]
 35438 | D:2      | Lost mutation: You are resistant to electric shocks. (rElec) [Xom's mischief]
 35438 | D:2      | Lost mutation: Your spells are much harder to cast, but much more powerful. [Xom's mischief]
 35449 | D:2      | XOM: give mutations
 35449 | D:2      | Lost mutation: You are very agile. (Dex +4) [Xom's mischief]
 35449 | D:2      | Lost mutation: You have a pair of large antennae on your head. (SInv) [Xom's mischief]
 35449 | D:2      | Lost mutation: You are partially covered in rugged brown scales. (AC +1, +3% HP) [Xom's mischief]
 35801 | D:2      | XOM: potion effect (agility)
 36316 | D:2      | XOM: cast spell 'Ice Form'
 36318 | D:2      | XOM: summons friendly gnoll
 36351 | D:2      | XOM: god gift: plate armour {god gift}
 36517 | D:2      | XOM: cast spell 'Hydra Form'
 36571 | D:2      | XOM is BORED!
 37053 | D:2      | XOM: summons 1 friendly demon
 37624 | D:2      | XOM: destruction
 38536 | D:2      | XOM: scenery: create altars
 38659 | D:2      | XOM: 6-stop teleportation journey
 38691 | D:2      | XOM: give mutations
 38691 | D:2      | Gained mutation: Your muscles are very strong. (Str +4) [Xom's grace]
 38691 | D:2      | Gained mutation: You passively map the area around you. [Xom's grace]
 38691 | D:2      | Gained mutation: You are extremely resistant to the effects of hostile enchantments. (MR+++) [Xom's grace]
 38691 | D:2      | Gained mutation: Your mind is very acute. (Int +4) [Xom's grace]
 38698 | D:2      | XOM: god gift: 42 gold pieces
 38956 | D:2      | XOM: divination: magic mapping
 39399 | D:2      | XOM: polymorph gnoll -> giant cockroach
 39478 | D:2      | XOM: give mutations
 39478 | D:2      | Gained mutation: Your spells are much harder to cast, but much more powerful. [Xom's grace]
 39478 | D:2      | Gained mutation: You are partially covered in molten scales. (AC +2) [Xom's grace]
 39478 | D:2      | Gained mutation: You have a pair of large antennae on your head. (SInv) [Xom's grace]
 39478 | D:2      | Gained mutation: You are very agile. (Dex +4) [Xom's grace]
 40081 | D:2      | XOM is BORED!
 40081 | D:2      | XOM: mild Ice miscast
 40138 | D:2      | XOM: destruction
 40310 | D:2      | XOM: cloud trail
 40780 | D:2      | XOM: give mutation
 40780 | D:2      | Gained mutation: You are somewhat resistant to both further mutation and mutation removal. [Xom's grace]
 40799 | D:2      | XOM: 2-stop teleportation journey
 40828 | D:2      | XOM: butterfly on damage
 40933 | D:2      | XOM: cast spell 'Summon Butterflies'
 41155 | D:2      | XOM: harmless Summ miscast
 41815 | D:2      | XOM: god gift: scroll of fear
 42057 | D:2      | XOM: harmless Ice miscast
 42463 | D:2      | XOM: confuse monster(s)
 43733 | D:2      | XOM: give mutations
 43733 | D:2      | Lost mutation: You have a beak for a mouth. [Xom's grace]
 43733 | D:2      | Gained mutation: You have very sharp teeth. [Xom's grace]
 43733 | D:2      | Gained mutation: You passively map a large area around you. [Xom's grace]
 43733 | D:2      | Gained mutation: Your thick and shaggy fur keeps you warm. (AC +3, rC+) [Xom's grace]
 43733 | D:2      | Gained mutation: You have a greatly increased reservoir of magic. (+30% MP) [Xom's grace]
 43929 | D:2      | XOM: cloud trail
 44063 | D:2      | XOM: cloud trail
 44197 | D:2      | XOM: scenery: create altars
 44344 | D:2      | XOM: harmless Tloc miscast
 44504 | D:2      | XOM: give mutations
 44504 | D:2      | Lost mutation: Your mind is very acute. (Int +4) [Xom's mischief]
 44504 | D:2      | Lost mutation: Your thick and shaggy fur keeps you warm. (AC +3, rC+) [Xom's mischief]
 44504 | D:2      | Lost mutation: You are extremely resistant to the effects of hostile enchantments. (MR+++) [Xom's mischief]
 44528 | D:2      | XOM: give mutations
 44528 | D:2      | Lost mutation: You are somewhat resistant to both further mutation and mutation removal. [Xom's mischief]
 44528 | D:2      | Lost mutation: You are highly resistant to hostile enchantments. (MR++) [Xom's mischief]
 44528 | D:2      | Lost mutation: You possess an exceptional clarity of mind. [Xom's mischief]
 44878 | D:3      | XOM: 1-stop teleportation journey
 44925 | D:3      | Found a hide-covered altar of Uskayaw.
 45503 | D:3      | XOM: draining
 45681 | D:3      | XOM: medium Air miscast
 45734 | D:3      | XOM is BORED!
 45909 | D:3      | XOM: god gift: 54 gold pieces
 45980 | D:3      | XOM: scenery: 1 doors open
 46068 | D:3      | XOM: god gift: fan of gales
 46163 | D:3      | XOM: god gift: scroll labeled QIHEARCH NUOPIURI {god gift}
 46392 | D:3      | XOM: god gift: puce potion {god gift}
 46851 | D:3      | XOM: butterfly on damage
 46965 | D:3      | XOM: cloud trail
 47723 | D:3      | XOM: cloud trail
 47807 | D:3      | XOM: god gift: phantom mirror
 47817 | D:3      | XOM: god gift: shiny centaur barding {god gift}
 47918 | D:3      | XOM: summons 2 hostile shadow creatures
 47928 | D:3      | XOM: scenery: 3 doors close
 48023 | D:3      | XOM: medium Summ miscast
 48419 | D:3      | XOM: scenery: create altars
 49185 | D:3      | XOM: god gift: 3 meat rations
 49251 | D:3      | XOM: cast spell 'Dragon Form'
 49887 | D:3      | XOM: scenery: 1 doors close
 50696 | D:3      | XOM: give mutations
 50696 | D:3      | Gained mutation: You possess an exceptional clarity of mind. [Xom's grace]
 50696 | D:3      | Gained mutation: You have sharp fingernails. [Xom's grace]
 50696 | D:3      | Gained mutation: Your thick and shaggy fur keeps you warm. (AC +3, rC+) [Xom's grace]
 50696 | D:3      | Gained mutation: You are resistant to electric shocks. (rElec) [Xom's grace]
 50847 | D:3      | XOM: give mutation
 50847 | D:3      | Gained mutation: Your mind is very acute. (Int +4) [Xom's grace]
 50980 | D:3      | XOM: scenery: 1 doors close
 51016 | D:3      | XOM is BORED!
 51016 | D:3      | XOM: medium Air miscast
 51025 | D:3      | XOM: potion effect (haste)
 51238 | D:3      | XOM: harmless Erth miscast
 52082 | D:3      | XOM: silly message
 52091 | D:3      | XOM: cloud trail
 52115 | D:3      | XOM: confuse monster(s)
 52173 | D:3      | XOM: noise
 52541 | D:3      | XOM: mild Pois miscast
 52706 | D:3      | XOM: scenery: 1 doors open
 52986 | D:3      | XOM: give mutations
 52986 | D:3      | Lost mutation: You are resistant to hostile enchantments. (MR+) [Xom's mischief]
 52986 | D:3      | Lost mutation: Your thick and shaggy fur keeps you warm. (AC +3, rC+) [Xom's mischief]
 52986 | D:3      | Lost mutation: You are very agile. (Dex +4) [Xom's mischief]
 52986 | D:3      | Lost mutation: You are partially covered in molten scales. (AC +2) [Xom's mischief]
 53340 | D:3      | XOM: give mutations
 53340 | D:3      | Lost mutation: Your flesh is almost immune to the effects of cold. (rC+++) [Xom's mischief]
 53340 | D:3      | Lost mutation: You regenerate. [Xom's mischief]
 53340 | D:3      | Lost mutation: You are agile. (Dex +2) [Xom's mischief]
 53443 | D:3      | XOM: harmless Conj miscast
 53493 | D:3      | XOM: harmless Ice miscast
 53612 | D:3      | XOM: harmless Conj miscast
 53647 | D:3      | XOM: silly message
 55021 | D:3      | XOM: harmless Chrm miscast
 55211 | D:3      | XOM: noise
 55240 | D:3      | XOM: harmless Tmut miscast
 55574 | D:3      | XOM: mild Hex miscast
 55784 | D:3      | XOM: give mutations
 55784 | D:3      | Lost mutation: Your spells are much harder to cast, but much more powerful. [Xom's mischief]
 55784 | D:3      | Lost mutation: Your flesh is very cold resistant. (rC++) [Xom's mischief]
 55961 | D:3      | XOM: give mutations
 55961 | D:3      | Lost mutation: Your mind is very acute. (Int +4) [Xom's mischief]
 55961 | D:3      | Lost mutation: You can translocate small distances at will. [Xom's mischief]
 55961 | D:3      | Lost mutation: Your spells are harder to cast, but more powerful. [Xom's mischief]
 56406 | D:3      | XOM: noise
 57224 | D:3      | XOM: give mutation
 57224 | D:3      | Lost mutation: Your muscles are very strong. (Str +4) [Xom's mischief]
 57317 | D:3      | XOM: give mutations
 57317 | D:3      | Lost mutation: Your muscles are strong. (Str +2) [Xom's mischief]
 57317 | D:3      | Lost mutation: You heal very quickly. [Xom's mischief]
 57966 | D:3      | XOM: mild Summ miscast
 58711 | D:3      | XOM: cloud trail
 59142 | D:3      | XOM: harmless Chrm miscast
 59256 | D:3      | XOM: cloud trail
 59340 | D:3      | XOM: harmless Divn miscast
 59719 | D:3      | XOM: cast spell 'Necromutation'
 60699 | D:3      | XOM: god gift: hand crossbow {god gift}
 60830 | D:3      | XOM is BORED!
 60830 | D:3      | XOM: noise
 61478 | D:3      | XOM: scenery: 1 doors close
 61588 | D:3      | XOM: give mutations
 61588 | D:3      | Lost mutation: You are covered in thick fur. (AC +2) [Xom's mischief]
 61588 | D:3      | Lost mutation: Your flesh is almost immune to the effects of heat. (rF+++) [Xom's mischief]
 61588 | D:3      | Lost mutation: You have a greatly increased reservoir of magic. (+30% MP) [Xom's mischief]
 61588 | D:3      | Lost mutation: You have a pair of large antennae on your head. (SInv) [Xom's mischief]
 61903 | D:3      | XOM is BORED!
 61992 | D:3      | XOM: give mutations
 61992 | D:3      | Gained mutation: You are agile. (Dex +2) [Xom's grace]
 61992 | D:3      | Gained mutation: You are partially covered in rough black scales. (AC +2, Dex -1) [Xom's grace]
 61992 | D:3      | Gained mutation: Your spells are harder to cast, but more powerful. [Xom's grace]
 61992 | D:3      | Gained mutation: Your muscles are strong. (Str +2) [Xom's grace]
 62114 | D:3      | XOM: god gift: long jewelled staff {god gift}
 62677 | D:3      | XOM: god gift: 58 gold pieces
 63377 | D:3      | XOM: mild Fire miscast
 63394 | D:4      | XOM: noise
 63402 | D:4      | Noticed bananaken's ghost (weakling SpMo)
 63405 | D:4      | Killed bananaken's ghost
 63605 | D:4      | XOM: noise
 63748 | D:4      | Found Peollepn's Magic Scroll Shoppe.
 63760 | D:4      | Bought a scroll of blinking for 75 gold pieces
 63760 | D:4      | Bought a scroll of blinking for 75 gold pieces
 63760 | D:4      | Bought a scroll of identify for 20 gold pieces
 63760 | D:4      | Bought a scroll of identify for 20 gold pieces
 63760 | D:4      | Bought a scroll of identify for 20 gold pieces
 63760 | D:4      | Bought a scroll of identify for 20 gold pieces
 63760 | D:4      | Bought a scroll of fog for 20 gold pieces
 63760 | D:4      | Bought a scroll of identify for 20 gold pieces
 63760 | D:4      | Bought a scroll of enchant armour for 75 gold pieces
 63868 | D:4      | XOM: noise
 63891 | D:4      | XOM: god gift: robe {god gift}
 64010 | D:4      | XOM: draining
 64017 | D:5      | Entered Level 5 of the Dungeon
 64036 | D:5      | XOM: potion effect (haste)
 64130 | D:5      | XOM: god gift: beef jerky
 64162 | D:5      | XOM: god gift: runed shield {god gift}
 64167 | D:5      | XOM: scenery: create altars
 64247 | D:5      | XOM: cast spell 'Statue Form'
 64381 | D:5      | XOM: 3-stop teleportation journey
 64420 | D:5      | Found an oddly glowing altar of Pakellas.
 64504 | D:5      | Found Orreack's Assorted Antiques.
 64513 | D:5      | Bought an encrusted brass ring for 115 gold pieces
 64513 | D:5      | Bought a translucent scale mail for 207 gold pieces
 64516 | D:5      | XOM: potion effect (might)
 64540 | D:5      | XOM: stat loss: -1 Int (12/13)
 64581 | D:5      | Identified the +3 scale mail of Sovereignty {rC+} (You bought it in a shop on level 5 of the Dungeon)
 64630 | D:5      | XOM: cast spell 'Excruciating Wounds'
 64764 | D:5      | XOM is BORED!
 64831 | D:5      | XOM: give mutations
 64831 | D:5      | Lost mutation: Your muscles are strong. (Str +2) [Xom's mischief]
 64831 | D:5      | Lost mutation: You have a somewhat thin skeletal structure. (Dex +2, Stealth) [Xom's mischief]
 65091 | D:5      | XOM: divination: detect items
 65370 | D:5      | XOM: give mutation
 65370 | D:5      | Lost mutation: You are somewhat resistant to further mutation. [Xom's mischief]
 65791 | D:5      | XOM: cloud trail
 65839 | D:5      | XOM: god gift: 6 meat rations
 66145 | D:5      | XOM: give mutations
 66145 | D:5      | Gained mutation: You are mostly covered in thin metallic scales. (AC +3) [Xom's grace]
 66145 | D:5      | Gained mutation: You can translocate small distances at will. [Xom's grace]
 66149 | D:5      | XOM: medium Pois miscast
 66340 | D:5      | XOM: mild Summ miscast
 66399 | D:5      | XOM: scenery: 1 doors close
 66891 | D:5      | XOM: divination: magic mapping
 66970 | D:5      | XOM: scenery: 1 doors close
 67038 | D:5      | XOM: scenery: 1 doors open
 67244 | D:5      | XOM: cloud trail
 69079 | D:5      | XOM: scenery: 1 doors close
 69596 | D:5      | XOM: god gift: long gold wand {god gift}
 69945 | D:5      | Gained mutation: You are very agile. (Dex +4) [potion of beneficial mutation]
 69958 | D:5      | XOM: god gift: 20 gold pieces
 70156 | D:5      | XOM: god gift: chain mail {god gift}
 70272 | D:5      | XOM: cast spell 'Ice Form'
 70445 | D:5      | XOM: harmless Fire miscast
 70713 | D:5      | XOM: mild Pois miscast
 70772 | D:5      | XOM is BORED!
 70772 | D:5      | XOM: noise
 71736 | D:5      | XOM: enchant monster (good)
 71917 | D:5      | XOM is BORED!
 71917 | D:5      | XOM: severe Erth miscast
 72320 | D:5      | XOM: give mutations
 72320 | D:5      | Gained mutation: Your mind is very acute. (Int +4) [Xom's grace]
 72320 | D:5      | Gained mutation: You have a greatly increased reservoir of magic. (+30% MP) [Xom's grace]
 72812 | D:5      | XOM: god gift: runed rapier {god gift}
 72941 | D:5      | XOM: god gift: scroll labeled ZISCHO ZO GAOCS {god gift}
 73093 | D:5      | XOM: medium Summ miscast
 73803 | D:5      | XOM: god gift: crooked gold wand {god gift}
 74301 | D:5      | XOM: 2-stop teleportation journey
 74461 | D:5      | XOM: cloud trail
 74492 | D:5      | XOM: harmless Tmut miscast
 74554 | D:5      | XOM: god gift: 8 gold pieces
 75198 | D:5      | XOM: torment (13/24 hp)
 75547 | D:6      | XOM: chaos upgrade
 75588 | D:6      | XOM: give mutation
 75588 | D:6      | Lost mutation: You are mostly covered in thin metallic scales. (AC +3) [Xom's mischief]
 75692 | D:6      | XOM: give mutations
 75692 | D:6      | Lost mutation: Your mind is very acute. (Int +4) [Xom's mischief]
 75692 | D:6      | Lost mutation: Your spells are harder to cast, but more powerful. [Xom's mischief]
 75692 | D:6      | Lost mutation: You are very agile. (Dex +4) [Xom's mischief]
 75700 | D:6      | XOM: swap monsters
 75703 | D:6      | XOM: severe Summ miscast
 75753 | D:6      | XOM: harmless Chrm miscast
 75834 | D:6      | XOM: confuse monster(s)
 76292 | D:6      | XOM: cloud trail
 76490 | D:6      | XOM is BORED!
 76490 | D:6      | XOM: medium Air miscast
 76887 | D:6      | XOM: cloud trail
 77418 | D:6      | XOM: give mutations
 77418 | D:6      | Gained mutation: You are partially covered in molten scales. (AC +2) [Xom's grace]
 77418 | D:6      | Lost mutation: You have very sharp teeth. [Xom's grace]
 77418 | D:6      | Gained mutation: You have a beak for a mouth. [Xom's grace]
 77418 | D:6      | Gained mutation: Your mind is very acute. (Int +4) [Xom's grace]
 77418 | D:6      | Gained mutation: You are very agile. (Dex +4) [Xom's grace]
 77509 | D:6      | XOM: god gift: fluorescent wand {god gift}
 78038 | D:6      | XOM: harmless Air miscast
 78352 | D:6      | XOM: harmless Summ miscast
 78705 | D:6      | XOM: give mutations
 78705 | D:6      | Lost mutation: You are resistant to electric shocks. (rElec) [Xom's mischief]
 78705 | D:6      | Lost mutation: Your spells are a little harder to cast, but a little more powerful. [Xom's mischief]
 78705 | D:6      | Lost mutation: You are extremely robust. (+30% HP) [Xom's mischief]
 78708 | D:6      | XOM: medium Erth miscast
 78729 | D:6      | XOM: god gift: 6 exploding tomahawks
 78960 | D:6      | XOM: god gift: torn book {god gift}
 78962 | D:6      | Identified Xom's Almanac of Decompression (Xom gifted it to you on level 6 of the Dungeon)
 79440 | D:6      | XOM: cloud trail
 79522 | D:6      | XOM: cast spell 'Dragon Form'
 80539 | D:6      | XOM: god gift: 17 gold pieces
 80611 | D:6      | XOM: 4-stop teleportation journey
 80653 | D:6      | XOM: 1-stop teleportation journey
 80664 | D:6      | XOM: god gift: bread ration
 80821 | D:7      | XOM: cleaving
 81108 | D:7      | XOM: harmless Chrm miscast
 81296 | D:7      | XOM: harmless Fire miscast
 81396 | D:7      | XOM is BORED!
 81638 | D:8      | Found a snail-covered altar of Cheibriados.
 81639 | D:8      | Found an opulent altar of Gozag.
 81709 | D:8      | XOM: butterfly on damage
 81709 | D:8      | XOM: smoke on damage
 81711 | D:8      | XOM: harmless Erth miscast
 81856 | D:8      | XOM: mild Erth miscast
 81885 | D:8      | XOM: noise
 82023 | D:8      | XOM: mild Fire miscast
 82102 | D:8      | XOM: noise
 82217 | D:8      | XOM: divination: detect creatures
 82318 | D:8      | XOM: divination: magic mapping
 82551 | D:8      | XOM: harmless Ice miscast
 82676 | D:8      | XOM: noise
 82689 | D:8      | XOM: give mutations
 82689 | D:8      | Lost mutation: You are partially covered in thin metallic scales. (AC +2) [Xom's mischief]
 82689 | D:8      | Lost mutation: You possess an exceptional clarity of mind. [Xom's mischief]
 82689 | D:8      | Lost mutation: Your natural rate of healing is unusually fast. [Xom's mischief]
 83318 | D:8      | XOM: medium Ice miscast
 83527 | D:8      | XOM: fog
 83645 | D:8      | XOM: summons friendly gnoll
 83665 | D:8      | XOM is BORED!
 83665 | D:8      | XOM: mild Chrm miscast
 84200 | D:8      | XOM: scenery: create altars
 84547 | D:8      | XOM: cloud trail
 84605 | D:9      | XOM: butterfly on damage
 84610 | D:9      | XOM: summons 1 friendly demon
 84905 | D:9      | XOM: god gift: slice of pizza
 84980 | D:9      | Got a scorched leather armour
 84981 | D:9      | Identified the +3 leather armour of the Hundredfold Suns {Str+2} (You found it on level 9 of the Dungeon)
 85092 | D:9      | XOM: summons 1 friendly demon
 85179 | D:9      | XOM: butterfly on damage
 85187 | D:9      | Found a staircase to the Orcish Mines.
 85422 | D:9      | XOM: divination: detect creatures
 85758 | D:9      | XOM: give mutations
 85758 | D:9      | Gained mutation: You are somewhat resistant to further mutation. [Xom's grace]
 85758 | D:9      | Gained mutation: Your movements are slightly less encumbered by armour. (ER -2) [Xom's grace]
 85858 | Orc:1    | Entered Level 1 of the Orcish Mines
 85861 | Orc:1    | Found a roughly hewn altar of Beogh.
 85875 | Orc:1    | XOM: enchant monster (good)
 86029 | Orc:1    | XOM: scenery: create altars
 86117 | Orc:1    | XOM: god gift: beef jerky
 86357 | Orc:2    | Entered Level 2 of the Orcish Mines
 86420 | Orc:1    | XOM: god gift: greatsling {god gift}
 86490 | Orc:1    | XOM: 1-stop teleportation journey
 86597 | Orc:2    | XOM: 1-stop teleportation journey
 86617 | Orc:2    | Found a staircase to the Elven Halls.
 86640 | Orc:2    | XOM: 1-stop teleportation journey
 86656 | Orc:1    | XOM: cleaving
 86722 | Orc:1    | XOM: cloud trail
 86724 | Orc:1    | XOM: give mutations
 86724 | Orc:1    | Lost mutation: You are somewhat resistant to further mutation. [Xom's grace]
 86724 | Orc:1    | Gained mutation: You evolve. [Xom's grace]
 86724 | Orc:1    | Gained mutation: You are extremely robust. (+30% HP) [Xom's grace]
 86724 | Orc:1    | Gained mutation: Your spells are a little harder to cast, but a little more powerful. [Xom's grace]
 86735 | Orc:2    | XOM: confuse monster(s)
 86873 | Orc:2    | XOM: scenery: create altars
 86965 | Orc:2    | XOM: give mutations
 86965 | Orc:2    | Gained mutation: Your muscles are strong. (Str +2) [Xom's grace]
 86965 | Orc:2    | Gained mutation: You have very sharp fingernails. [Xom's grace]
 86965 | Orc:2    | Gained mutation: You have claws for hands. [Xom's grace]
 86965 | Orc:2    | Gained mutation: Your spells are harder to cast, but more powerful. [Xom's grace]
 86988 | Orc:2    | Found Ofobev's Assorted Antiques.
 86988 | Orc:2    | Found Zocelepsairi's General Store.
 86990 | Orc:2    | Found Ewuewo's Jewellery Shoppe.
 86990 | Orc:2    | Found Yrghixor's Antique Weapon Boutique.
 86996 | Orc:2    | Bought a smoking fire dragon armour for 1495 gold pieces
 86996 | Orc:2    | Bought a steel ring for 115 gold pieces
 86997 | Orc:2    | Identified the +10 fire dragon armour of Absence {rF++ rC- rN+} (You bought it in a shop on level 2 of the Orcish Mines)
 87166 | Elf:1    | Entered Level 1 of the Elven Halls
 87213 | Elf:1    | XOM: fake destruction
 87364 | Elf:1    | XOM: enchant monster (good)
 87389 | Elf:1    | XOM: god gift: 740 gold pieces
 87476 | Elf:1    | XOM: summons friendly gnoll
 87779 | Orc:2    | Bought an uncursed ring of magical power for 240 gold pieces
 87864 | Elf:1    | Got a blackened ring mail
 87865 | Elf:1    | Identified the +4 ring mail of Day {Slay+2} (You found it on level 1 of the Elven Halls)
 87924 | Elf:2    | XOM: confuse monster(s)
 87926 | Elf:2    | XOM: summons friendly gnoll
 88006 | Elf:2    | XOM: 6-stop teleportation journey
 88037 | Elf:2    | XOM: polymorph gnoll -> rat
 88066 | Elf:2    | Found a huge runed gate.
 88066 | Elf:2    | Found a huge runed gate.
 88066 | Elf:2    | Found a huge runed gate.
 88067 | Elf:2    | Found a huge runed gate.
 88068 | Elf:2    | Found a huge runed gate.
 88309 | Elf:2    | Found a deep blue altar of Sif Muna.
 88313 | Elf:2    | XOM: cloud trail
 88350 | Elf:2    | XOM: summons friendly gnoll
 88369 | Elf:2    | XOM: 3-stop teleportation journey
 88370 | Elf:2    | XOM: blink monster(s)
 88379 | Elf:2    | XOM: polymorph gnoll -> rat
 88652 | Elf:2    | XOM: stat loss: -1 Dex (10/11)
 88767 | Elf:2    | XOM is BORED!
 88840 | Elf:3    | Entered Level 3 of the Elven Halls
 89056 | Elf:3    | Noticed a wolf
 89056 | Elf:3    | a gnoll changed into a wolf
 89056 | Elf:3    | XOM: polymorph gnoll -> wolf
 89058 | Elf:3    | Killed a wolf
 89140 | Elf:3    | XOM: summons 3 hostile shadow creatures
 89142 | Elf:3    | XOM: blink monster(s)
 89331 | Elf:3    | XOM: enchant monster (good)
 89516 | Elf:3    | XOM: god gift: spiked scale mail {god gift}
 89519 | Elf:3    | Got a spiked scale mail {god gift}
 89520 | Elf:3    | Identified the +5 scale mail of Ogausex {rPois Str+4} (Xom gifted it to you on level 3 of the Elven Halls)
 89753 | Elf:3    | Got a spiked plate armour
 89760 | Elf:3    | Identified the +10 plate armour of Resilience {rElec rF- Str+9 Int-5} (You found it on level 3 of the Elven Halls)
 89888 | Elf:3    | Got a smoking falchion
 89889 | Elf:3    | Identified the +5 falchion "Vasamp" {pain, +Fly rC- MR+} (You found it on level 3 of the Elven Halls)
 89904 | Elf:3    | Got a crude battleaxe
 89944 | Elf:3    | XOM: 3-stop teleportation journey
 89990 | Elf:3    | XOM: cast spell 'Dragon Form'
 90012 | Elf:3    | XOM: noise
 90023 | Elf:3    | XOM: summons 1 friendly demon
 90061 | Elf:3    | XOM: mild Fire miscast
 90121 | Elf:3    | Gained mutation: You are resistant to electric shocks. (rElec) [evolution]
 90295 | Elf:3    | XOM: mild Fire miscast
 90459 | D:9      | XOM: harmless Divn miscast
 90476 | D:9      | XOM: harmless Fire miscast
 90494 | D:10     | Entered Level 10 of the Dungeon
 90658 | D:10     | XOM: give mutations
 90658 | D:10     | Lost mutation: Your system is resistant to poisons. (rPois) [Xom's mischief]
 90658 | D:10     | Lost mutation: You are very agile. (Dex +4) [Xom's mischief]
 90658 | D:10     | Lost mutation: You are resistant to electric shocks. (rElec) [Xom's mischief]
 90658 | D:10     | Lost mutation: You can translocate small distances at will. [Xom's mischief]
 90719 | D:10     | Found a staircase to the Lair.
 90730 | D:10     | XOM: scenery: 1 doors open
 90870 | D:10     | XOM: scenery: 1 doors close
 90987 | D:11     | XOM: god gift: scroll of recharging
 91313 | D:11     | Found a runed door.
 91318 | D:11     | Identified The Advanced Guide to Spellcraft
 91320 | D:11     | Got a brightly glowing pewter ring
 91333 | D:11     | XOM: summons 1 friendly demon
 91336 | D:11     | Identified the ring "Zesid" {rElec rF+ rN+ EV+4} (You found it on level 11 of the Dungeon)
 91586 | D:11     | Identified the cursed +3 battleaxe of Execution {elec, rN+ SInv} (You found it on level 3 of the Elven Halls)
 91590 | D:11     | Lost mutation: You are agile. (Dex +2) [potion of mutation]
 91631 | D:12     | XOM: summons friendly gnoll
 91891 | D:12     | XOM: 2-stop teleportation journey
 91900 | D:12     | XOM: divination: detect creatures
 92067 | D:12     | XOM: scenery: create altars
 92075 | D:12     | XOM: god gift: 21 stones
 92159 | D:13     | XOM: confuse monster(s)
 92210 | D:13     | XOM: god gift: plate armour {god gift}
 92211 | D:13     | XOM: summons 1 friendly demon
 92229 | D:13     | XOM: scenery: 1 doors open
 92290 | D:13     | XOM: confuse monster(s)
 92537 | D:13     | XOM: cast spell 'Cause Fear'
 92585 | D:13     | Noticed a howler monkey
 92585 | D:13     | a gnoll changed into a howler monkey
 92585 | D:13     | XOM: polymorph gnoll -> howler monkey
 92588 | D:13     | Killed a howler monkey
 92602 | D:13     | Gained mutation: You are covered in thick fur. (AC +2) [evolution]
 92932 | Orc:2    | Bought a steaming morningstar for 252 gold pieces
 92932 | Orc:2    | Identified the +8 morningstar "Wuoni" {elec, rPois Stlth+} (You bought it in a shop on level 2 of the Orcish Mines)
 92956 | Orc:2    | Found Laommestig's Book Shoppe.
 93238 | D:11     | XOM: enchant monster (bad)
 93371 | D:14     | XOM: butterfly on damage
 93382 | D:14     | XOM: give mutations
 93382 | D:14     | Lost mutation: You evolve. [Xom's mischief]
 93382 | D:14     | Lost mutation: Your flesh is cold resistant. (rC+) [Xom's mischief]
 93382 | D:14     | Lost mutation: You are extremely robust. (+30% HP) [Xom's mischief]
 93382 | D:14     | Lost mutation: Your spells are harder to cast, but more powerful. [Xom's mischief]
 93429 | D:14     | XOM: give mutation
 93429 | D:14     | Lost mutation: Your spells are a little harder to cast, but a little more powerful. [Xom's mischief]
 93482 | D:14     | Noticed a worker ant
 93482 | D:14     | a gnoll changed into a worker ant
 93482 | D:14     | XOM: polymorph gnoll -> worker ant
 93498 | D:14     | XOM: confusion
 93508 | D:14     | Noticed a howler monkey
 93508 | D:14     | a worker ant changed into a howler monkey
 93508 | D:14     | XOM: polymorph worker ant -> howler monkey
 93512 | D:14     | XOM: harmless Hex miscast
 93513 | D:14     | Killed a howler monkey
 93528 | D:14     | XOM: swap monsters
 93611 | D:14     | Noticed a hell rat
 93611 | D:14     | a gnoll changed into a hell rat
 93611 | D:14     | XOM: polymorph gnoll -> hell rat
 93616 | D:14     | Killed a hell rat
 93618 | D:14     | Found a burning altar of Makhleb.
 93872 | D:14     | XOM: harmless Fire miscast
 93878 | D:14     | XOM: confuse monster(s)
 93901 | D:14     | Found a gate to the Vaults.
 94149 | D:14     | XOM: divination: magic mapping
 94185 | Vaults:1 | Entered Level 1 of the Vaults
 94295 | Vaults:1 | XOM: mild Erth miscast
 94393 | Vaults:1 | XOM: divination: detect creatures
 94638 | Vaults:1 | Got a steaming leather armour
 94639 | Vaults:1 | Identified the +2 leather armour of Xom's Benevolence {Str+4} (You found it on level 1 of the Vaults)
 94984 | Vaults:1 | XOM is BORED!
 94984 | Vaults:1 | XOM: noise
 95235 | Vaults:2 | XOM: divination: detect items
 95455 | Vaults:2 | Found a staircase to the Crypt.
 95554 | Vaults:2 | Found Gycacias's Antique Weapon Emporium.
 95557 | Vaults:2 | Bought a smoking whip for 187 gold pieces
 95557 | Vaults:2 | Identified the +9 whip of Puvaod {drain, *Drain rElec rC+++ MR-} (You bought it in a shop on level 2 of the Vaults)
 95563 | Vaults:2 | XOM: harmless Divn miscast
 95762 | Vaults:2 | XOM is BORED!
 95762 | Vaults:2 | XOM: noise
 95769 | Vaults:2 | XOM: potion effect (might)
 95882 | Vaults:2 | XOM: potion effect (brilliance)
 95915 | Vaults:2 | XOM: harmless Tmut miscast
 95996 | Vaults:2 | XOM: cast spell 'Confusing Touch'
 96162 | Vaults:3 | Got a faintly glowing mace
 96359 | Vaults:3 | XOM: fake destruction
 96557 | Vaults:3 | XOM: fog
 96708 | Vaults:3 | XOM: polymorph gnoll -> giant gecko
 96721 | Vaults:3 | XOM: potion effect (brilliance)
 97025 | Vaults:3 | XOM is BORED!
 97025 | Vaults:3 | XOM: stat loss: -3 Dex (4/7)
 97148 | Vaults:4 | XOM: give mutations
 97148 | Vaults:4 | Gained mutation: Your system is resistant to poisons. (rPois) [Xom's grace]
 97148 | Vaults:4 | Gained mutation: Your skin blends seamlessly with your surroundings (Stealth++). [Xom's grace]
 97148 | Vaults:4 | Gained mutation: You evolve. [Xom's grace]
 97148 | Vaults:4 | Gained mutation: Your muscles are very strong. (Str +4) [Xom's grace]
 97547 | Vaults:4 | Found Faarey's Jewellery Shoppe.
 97646 | Vaults:4 | XOM: god gift: falchion {god gift}
 97834 | Vaults:4 | XOM: fog
 97928 | Vaults:4 | XOM: scenery: create altars
 98006 | Vaults:4 | XOM: potion effect (invisibility)
 98024 | Vaults:4 | XOM: enchant monster (good)
 98035 | Vaults:4 | XOM: give mutations
 98035 | Vaults:4 | Gained mutation: You are resistant to electric shocks. (rElec) [Xom's grace]
 98035 | Vaults:4 | Gained mutation: You are extremely robust. (+30% HP) [Xom's grace]
 98035 | Vaults:4 | Gained mutation: You have a pair of large antennae on your head. (SInv) [Xom's grace]
 98171 | Vaults:4 | XOM: stat loss: -1 Int (18/19)
 98237 | Vaults:5 | Entered Level 5 of the Vaults
 98237 | Vaults:5 | Noticed a gnoll sergeant
 98237 | Vaults:5 | Noticed a gnoll sergeant
 98237 | Vaults:5 | Noticed a gnoll sergeant
 98237 | Vaults:5 | Noticed a gnoll sergeant
 98237 | Vaults:5 | Noticed a gnoll sergeant
 98237 | Vaults:5 | Noticed a gnoll sergeant
 98237 | Vaults:5 | Noticed a gnoll sergeant
 98237 | Vaults:5 | Noticed a gnoll sergeant
 98237 | Vaults:5 | Noticed a gnoll sergeant
 98237 | Vaults:5 | Noticed a gnoll sergeant
 98246 | Vaults:5 | XOM: harmless Air miscast
 98255 | Vaults:5 | Killed a gnoll sergeant
 98255 | Vaults:5 | Killed a gnoll sergeant
 98255 | Vaults:5 | Killed a gnoll sergeant
 98255 | Vaults:5 | Killed a gnoll sergeant
 98255 | Vaults:5 | Killed a gnoll sergeant
 98255 | Vaults:5 | Killed a gnoll sergeant
 98255 | Vaults:5 | Killed a gnoll sergeant
 98280 | Vaults:5 | Killed a gnoll sergeant
 98290 | Vaults:5 | XOM: summons friendly gnoll
 98293 | Vaults:5 | Killed a gnoll sergeant
 98298 | Vaults:5 | Killed a gnoll sergeant
 98399 | Vaults:5 | XOM: harmless Hex miscast
 98418 | Vaults:5 | Got a silver rune of Zot
 98419 | Vaults:5 | Identified the Guide on Flames
 98429 | Vaults:5 | Identified the cursed +0 mace "Nofre" {vamp, -Tele *Drain +Fly Stlth+} (You found it on level 3 of the Vaults)
 98644 | Vaults:5 | XOM: summons friendly gnoll
 98665 | Vaults:5 | XOM: fake destruction
 98741 | Vaults:5 | Got an ancient long sword
 98743 | Vaults:5 | Got a steaming rapier
 98754 | Vaults:5 | Identified the +5 rapier of the Spectre {freeze, rPois Str+3 Int-4} (You found it on level 5 of the Vaults)
 98755 | Vaults:5 | Identified the +4 long sword of Foolhardiness {venom, rElec} (You found it on level 5 of the Vaults)
 98802 | Vaults:5 | XOM: scenery: create altars
 98806 | Vaults:5 | XOM: enchant monster (good)
 99069 | Vaults:5 | XOM: enchant monster (good)
 99193 | Vaults:5 | Got a dazzling flail
 99199 | Vaults:5 | Got a slimy tin ring
 99205 | Vaults:5 | XOM: scenery: create altars
 99216 | Vaults:5 | Identified the Reference Book on the Glacier
 99237 | Vaults:5 | Identified the ring of Gozag's Hatred {-Tele rElec rPois rC+ Int+6} (You found it on level 5 of the Vaults)
 99254 | Vaults:5 | Got a faintly glowing lead amulet
 99257 | Vaults:5 | Identified the amulet "Kiedgh" {RegenMP rPois rF+ Dex+4} (You found it on level 5 of the Vaults)
 99277 | Vaults:5 | Got a polished halberd
 99279 | Vaults:5 | Identified the +10 halberd "Beetleslayer" {freeze, *Corrode Int+4 Dex+2} (You found it on level 5 of the Vaults)
 99287 | Vaults:5 | Identified the +4 flail "Beastbane" {flame, rN+ Dex+3} (You found it on level 5 of the Vaults)
 99300 | Vaults:5 | XOM: 4-stop teleportation journey
 99427 | Vaults:5 | XOM: summons friendly gnoll
 99558 | Vaults:5 | XOM: scenery: create altars
 99602 | Vaults:5 | Got a steaming hand axe
 99603 | Vaults:5 | Identified the cursed +0 hand axe of Cocytus {pain, rF+} (You found it on level 5 of the Vaults)
 99720 | Vaults:5 | XOM: scenery: 2 doors close
 99927 | Vaults:5 | XOM is BORED!
 99927 | Vaults:5 | XOM: medium Fire miscast
 99931 | Vaults:5 | XOM: summons 1 friendly demon
100077 | Crypt:1  | Entered Level 1 of the Crypt
100474 | Crypt:1  | XOM: stat loss: -1 Int (18/19)
100578 | Crypt:1  | XOM: give mutations
100578 | Crypt:1  | Lost mutation: Your system is resistant to poisons. (rPois) [Xom's mischief]
100578 | Crypt:1  | Lost mutation: Your mind is very acute. (Int +4) [Xom's mischief]
100674 | Crypt:2  | Got a smoking long sword
100675 | Crypt:2  | Identified the cursed +2 long sword of the Fulmar {flame, Int+4} (You found it on level 2 of the Crypt)
101070 | Crypt:2  | XOM: stat loss: -1 Str (17/18)
101130 | Crypt:3  | Entered Level 3 of the Crypt
101349 | Crypt:3  | Found a staircase to the Tomb.
101405 | Crypt:3  | XOM: harmless Necr miscast
101504 | Crypt:3  | XOM: harmless Divn miscast
101514 | Crypt:3  | XOM: medium Summ miscast
101515 | Crypt:3  | Noticed a spatial vortex
101598 | Crypt:3  | XOM: cloud trail
101614 | Crypt:3  | Found an ancient bone altar of Kikubaaqudgha.
101615 | Crypt:3  | Found a basalt altar of Yredelemnul.
101628 | Crypt:3  | Identified Kikubaaqudgha's Compendium of Unholy Arts
101632 | Crypt:3  | XOM is BORED!
101632 | Crypt:3  | XOM: mild Tmut miscast
101678 | Crypt:3  | Got an ancient amber ring
101678 | Crypt:3  | Got a twitching tin ring
101685 | Crypt:3  | Identified the ring of Rianueh {rF++ rN+ MR+ Str+3 Int-2} (You found it on level 3 of the Crypt)
101693 | Crypt:3  | Got a glittering granite ring
101694 | Crypt:3  | Identified the ring "Ippunu" {rPois rC+ rN+ Str+2} (You found it on level 3 of the Crypt)
101702 | Crypt:3  | Identified the ring of Xom's Capriciousness {rN+ Str+3} (You found it on level 3 of the Crypt)
101898 | Crypt:3  | XOM: harmless Chrm miscast
101926 | Crypt:3  | XOM: harmless Air miscast
101946 | Crypt:3  | Got a crude mace
101948 | Crypt:3  | Identified the +5 mace of Gosovav {drain, rF- rC- Int+8 Stlth+} (You found it on level 3 of the Crypt)
102026 | Tomb:1   | Entered Level 1 of the Tomb of the Ancients
102120 | Tomb:1   | XOM: god gift: 36 gold pieces
102150 | Tomb:1   | XOM: enchant monster (good)
102285 | Tomb:1   | XOM: give mutations
102285 | Tomb:1   | Gained mutation: You possess an exceptional clarity of mind. [Xom's grace]
102285 | Tomb:1   | Gained mutation: Your system is resistant to poisons. (rPois) [Xom's grace]
102285 | Tomb:1   | Gained mutation: You are resistant to hostile enchantments. (MR+) [Xom's grace]
102285 | Tomb:1   | Gained mutation: You are agile. (Dex +2) [Xom's grace]
102396 | Tomb:1   | XOM: 1-stop teleportation journey
102474 | Tomb:1   | XOM: silly message
102595 | Tomb:2   | XOM: potion effect (agility)
102597 | Tomb:2   | XOM: cleaving
102638 | Tomb:2   | XOM: scenery: 2 doors open
103055 | Tomb:1   | XOM: cast spell 'Leda's Liquefaction'
103154 | Tomb:2   | XOM: cast spell 'Leda's Liquefaction'
103183 | Tomb:3   | Entered Level 3 of the Tomb of the Ancients
103189 | Tomb:3   | XOM: god gift: thick bone amulet {god gift}
103230 | Tomb:3   | XOM: fog
103521 | Tomb:3   | Gained mutation: You can translocate small distances at will. [evolution]
103613 | Tomb:3   | Got a golden rune of Zot
103703 | Tomb:3   | Got a fine rapier
103766 | Tomb:3   | Identified the +10 rapier of Fee Simple {freeze, rC+ Stlth+} (You found it on level 3 of the Tomb of the Ancients)
103772 | Tomb:3   | Got a steaming rapier
103787 | Tomb:3   | Got an encrusted broad axe
103794 | Tomb:3   | Killed by a distortion unwield

Action                   || total
-------------------------++-------
Melee: Halberd           ||  2164
       Kick              ||   206
       Spear             ||   181
       Peck              ||   104
       Flail             ||    79
       Bite              ||    12
       War axe           ||     9
       Unarmed           ||     2
Throw: Throwing net      ||     1
Evoke: Wand              ||    23
       Lamp of fire      ||     2
  Use: Scroll            ||    67
       Potion            ||    23
 Stab: Sleeping          ||    21
       Confused          ||     8
       Paralysed         ||     4
       Distracted        ||     3
       Fleeing           ||     1
       Petrifying        ||     1
       Petrified         ||     1
Armor: Fire dragon armou ||   655
       Leather armour    ||   282
       Skin              ||    45
Dodge: Dodged            ||   649
Block: Other             ||    62
